 Dungeon Crawl Stone Soup version 0.28-a0-769-g550dbda0cd (webtiles) character file.

Game seed: 11708472979480957641

443 demibob the Spear-Bearer (level 6, -3/40 (51) HPs)
             Began as a Draconian Chaos Knight on Nov 1, 2021.
             Was a Plaything of Xom.
             Slain by a wight (4 damage)
             ... on level 3 of the Dungeon.
             The game lasted 00:08:05 (3080 turns).

demibob the Spear-Bearer (Draconian Chaos Knight)   Turns: 3080, Time: 00:08:05

HP:   -3/40 (51)    AC:  6    Str: 15    XL:     6   Next: 71%
MP:   0/5           EV: 14    Int: 10    God:    Xom [.*....]
Gold: 72            SH:  5    Dex: 12    Spells: 5/5 levels left

rFire   . . .      SeeInvis .   a - +0 spear (protect)
rCold   . . .      Faith    .   d - +2 buckler
rNeg    . . .      Spirit   +   (armour unavailable)
rPois   .          Reflect  .   (helmet restricted)
rElec   +          Harm     .   (no cloak)
rCorr   .          Rampage  .   (no gloves)
Will    .....      Rnd*Tele +   (no boots)
Stlth   +.........              i - amulet of guardian spirit
HPRegen 0.13/turn               (no ring)
MPRegen 0.09/turn               (no ring)

@: heavily drained, unable to read
A: AC +6, unfitting armour, cold-blooded, horns 1, dopey 1, low mp 1, screaming
1, electricity resistance, teleportitis 1, inability to read while threatened
a: Renounce Religion


You were on level 3 of the Dungeon.
You worshipped Xom.
You were a plaything of Xom.
You visited 1 branch of the dungeon, and saw 5 of its levels.

You collected 72 gold pieces.


Innate Abilities, Weirdness & Mutations

Your plain brown scales are hard. (AC +6)
You cannot fit into any form of body armour.
You are cold-blooded and may be slowed by cold attacks.
You have a pair of small horns on your head.
You are dopey. (Int -2)
Your magical capacity is low. (-10% MP)
You occasionally shout uncontrollably at your foes.
You are resistant to electric shocks. (rElec)
You are occasionally teleported next to monsters.
You sometimes lose the ability to read scrolls when taking damage.


   Skills:
 - Level 3.2 Fighting
 + Level 10.1 Polearms
 - Level 7.6 Dodging
 + Level 0.9 Shields


You had 5 spell levels left.
You didn't know any spells.
Your spell library contained the following spells:

 Spells                   Type           Power      Damage    Failure   Level
 Summon Small Mammal      Summ           0%         N/A       50%         1
 Call Canine Familiar     Summ           0%         N/A       86%         3
 Summon Guardian Golem    Hex/Summ       0%         N/A       86%         3

Inventory:

Hand Weapons
 a - a +0 spear of protection (weapon)
Armour
 d - a +2 buckler (worn)
Jewellery
 i - an amulet of guardian spirit (around neck)
 F - a ring of fire
Wands
 b - a wand of paralysis (5)
Scrolls
 e - a scroll of magic mapping
 l - a scroll of identify {@r1}
 p - a scroll of teleportation {@r2}
Potions
 c - a potion of curing {unknown}
 f - a potion of mutation {unknown}
 g - a potion of degeneration {unknown}
 h - a potion of heal wounds {@q2}
 j - 2 potions of haste {@q3}
 k - a potion of flight {unknown}

Dungeon Overview and Level Annotations

Branches:
Dungeon (5/15)
 Temple: D:4-7

Altars:
Xom
Yredelemnul

Shops:
D:4

* #......†..#....<# ##.##.#.
#.....#####.....###.....#.
##...########........####.
##.......#......##..####.
#..####.#......##.......
##########..####.#..........#####
..............5555....#..##......
⚑..▓▓▓▓..PPP..5zz#..#.#..##..####
..............5z@#...........###.
#####################.##.###.#...
...........# #.....###.#...
.#########.# #.###.......).
.###### #.# ##.###.###.....
......####.### #...##.#####.##
.####.#......# #...##.##......
.####.#.##.#.# #...##.##.##.##
.........#.#.# #.........#....


You could see 3 wights, 2 friendly iron imps, a friendly white imp (summoned), 2
friendly shadow imps and a friendly ufetubus (summoned).


Message History

Aiming: Paralyse
Press: ? - help, Shift-Dir - straight line, f - wight
Aim: a wight, wielding a +0 hand axe and wearing a +0 robe (chance to affect: 46%)
The wight resists with some effort.
You block the wight's attack. The wight hits you with a +0 flail.
You feel drained. The wight barely misses you.
Aiming: Paralyse
Press: ? - help, Shift-Dir - straight line, f/p - wight
Aim: a wight, wielding a +0 hand axe and wearing a +0 robe (chance to affect: 46%)
The wight suddenly stops moving!
The wight hits you with a +0 flail. The wight barely misses you.
Aiming: Paralyse
Press: ? - help, Shift-Dir - straight line, f - wight, p - wight
Aim: a wight, wielding a +0 flail and wearing a +0 robe (chance to affect: 46%)
The wight resists with some effort. "Serve the mortal, my children!"
The wight hits you with a +0 flail.
You feel drained. The wight hits you with a +0 scimitar!
* * * LOW HITPOINT WARNING * * *
You feel drained.
* * * LOW HITPOINT WARNING * * *
Aiming: Paralyse
Press: ? - help, Shift-Dir - straight line, f/p - wight
Aim: a wight, wielding a +0 flail and wearing a +0 robe (ally target, chance to affect: 46%)
The wight resists with some effort.
Your ufetubus hits the wight but does no damage. x2
The wight hits you with a +0 flail!
* * * LOW HITPOINT WARNING * * *
You feel drained.
You die...

Skill      XL: |  1  2  3  4  5 |
---------------+----------------+-----
Polearms       | 4 9 10 | 10.1
Dodging        | 7 |  7.6
Fighting       | |  3.2
Shields        | |  0.9

Action                   |  1- 3 |  4- 6 || total
-------------------------+-------+-------++-------
Melee: Spear             |    90 |   115 ||   205
       Tailslap          |     7 |     8 ||    15
       Headbutt          |     3 |    13 ||    16
Evoke: Wand              |       |     4 ||     4
  Use: Scroll            |     5 |     4 ||     9
       Potion            |       |     2 ||     2
 Stab: Sleeping          |     1 |       ||     1
Armor: Skin              |    11 |    14 ||    25
Dodge: Dodged            |    29 |    45 ||    74
Block: Buckler           |       |     9 ||     9

Levels and vault maps discovered:
D:1:      eino_arrival_water_star, layout_basic
D:2:      layout_loops_cross, shapermc_ecumenical_altar_notcrosses
D:3:      layout_loops_cross, mainiacjoe_overflow_boulevard
D:4:      layout_loops_ring, nicolae_uskayaw_suspiria, kennysheep_little_box,
          makhleb_heckhound_becter, mainiacjoe_overflow_two_lobes,
          mainiacjoe_overflow_small_starburst, serial_shops, shop
D:5:      layout_layer_cave, nzn_overflow_gifts_of_might_and_magic,
          minmay_misc_feat_ornament, kennysheep_diamond, grunt_ministairs_14,
          grunt_decor_fettered, minmay_misc_feat_encased,
          minmay_misc_feat_alley, uniq_sigmund

Notes
Turn   | Place    | Note
-------+----------+-------------------------------------------
     0 | D:1      | demibob the Draconian Chaos Knight began the quest for the
                  | Orb.
     0 | D:1      | Reached XP level 1. HP: 19/19 MP: 1/1
   105 | D:1      | XOM: smoke on damage
   241 | D:1      | Reached XP level 2. HP: 26/26 MP: 2/2
   616 | D:1      | Reached skill level 4 in Polearms
   664 | D:1      | XOM: noise
   979 | D:2      | Reached XP level 3. HP: 26/31 MP: 3/3
  1001 | D:2      | XOM: give mutations
  1001 | D:2      | Gained mutation: You are resistant to electric shocks.
                  | (rElec) [Xom's mischief]
  1001 | D:2      | Gained mutation: You are dopey. (Int -2) [Xom's mischief]
  1001 | D:2      | Gained mutation: You have a pair of small horns on your
                  | head. [Xom's mischief]
  1001 | D:2      | Gained mutation: You sometimes lose the ability to read
                  | scrolls when taking damage. [Xom's mischief]
  1243 | D:2      | Reached XP level 4. HP: 38/38 MP: 4/4
  1411 | D:2      | Found a faded altar of an unknown god.
  1413 | D:2      | Reached skill level 5 in Polearms
  1652 | D:3      | XOM: enchant monster (bad)
  1821 | D:3      | XOM: smoke on damage
  1821 | D:3      | XOM: torment (22/38 hp)
  1826 | D:3      | XOM: give mutations
  1826 | D:3      | Gained mutation: You tend to lose your temper in combat.
                  | [Xom's mischief]
  1826 | D:3      | Gained mutation: You have hidden genetic defects. [Xom's
                  | mischief]
  1826 | D:3      | Gained mutation: You occasionally shout uncontrollably at
                  | your foes. [Xom's mischief]
  1826 | D:3      | Lost mutation: You tend to lose your temper in combat.
                  | [Xom's mischief]
  1830 | D:3      | XOM: scenery: create altars
  1965 | D:3      | You fall into a shaft and drop 2 floors!
  1965 | D:5      | Entered Level 5 of the Dungeon
  1965 | D:5      | Noticed a black bear
  1965 | D:5      | Noticed a human
  1965 | D:5      | a black bear changed into a human
  1965 | D:5      | XOM: polymorph black bear -> human
  1968 | D:5      | Identified a potion of experience
  1968 | D:5      | Reached skill level 9 in Polearms
  1968 | D:5      | Reached skill level 7 in Dodging
  1968 | D:5      | Reached XP level 5. HP: 38/45 MP: 5/5
  1972 | D:5      | XOM: summons friendly ufetubus
  1979 | D:5      | XOM: potion effect (curing)
  1989 | D:5      | Killed a human
  1990 | D:5      | Reached skill level 10 in Polearms
  1990 | D:5      | Reached XP level 6. HP: 25/51 MP: 4/6
  1994 | D:5      | Gained mutation: Your magical capacity is low. (-10% MP)
                  | [hidden defects]
  2343 | D:4      | Found Qucrofyt's General Store.
  2434 | D:3      | Found a basalt altar of Yredelemnul.
  3001 | D:3      | Gained mutation: You are occasionally teleported next to
                  | monsters. [hidden defects]
  3001 | D:3      | Lost mutation: You have hidden genetic defects. [hidden
                  | defects expressed]
  3079 | D:3      | XOM: summons 6 friendly demons
  3080 | D:3      | HP: 1/41 [wight (9)]
  3080 | D:3      | Slain by a wight

Vanquished Creatures
  A human (D:5)
  A hound (D:3)
  A jelly (D:3)
  7 adders
  A shadow imp (D:3)
  4 dart slugs
  2 orcs
  6 ball pythons
  3 endoplasms
  A giant cockroach (D:4)
  11 goblins
  8 hobgoblins
  5 kobolds
  3 quokkas
  3 bats (D:1)
  2 frilled lizards (D:2)
  4 rats
63 creatures vanquished.

Vanquished Creatures (others)
  A plant (D:3)
1 creature vanquished.

Grand Total: 64 creatures vanquished

Table legend: (Time is in decaauts)
 A = Elapsed time spent in this place.
 B = Non-inter-level travel time spent in this place.
 C = Inter-level travel time spent in this place.
 D = Time resting spent in this place.
 E = Time spent auto-exploring this place.
 F = Levels seen in this place.
 G = Mean time per level.
                   A        B        C        D        E       F      G
               +--------+--------+--------+--------+--------+-----+--------+
         Total |   3041 |   2932 |    109 |    502 |   1965 |   5 |  608.2 |
       Dungeon |   3041 |   2932 |    109 |    502 |   1965 |   5 |  608.2 |
               +--------+--------+--------+--------+--------+-----+--------+

Top non-repeatable levels by time:
     D:3: 1014 daAuts
     D:1: 967 daAuts
     D:2: 664 daAuts
     D:5: 235 daAuts
     D:4: 159 daAuts

Table legend:
 A = Non-vault XP
 B = Vault XP
 C = Vault XP percentage of total XP
 D = Non-vault monster count
 E = Vault monster count
 F = Vault count percentage of total count
                 A         B        C        D         E       F
            +---------+---------+-------+---------+---------+-------
      Total |     484 |       0 |   0.0 |      63 |       0 |   0.0
            +---------+---------+-------+---------+---------+-------
        D:1 |      40 |       0 |   0.0 |      20 |       0 |   0.0
        D:2 |      66 |       0 |   0.0 |      18 |       0 |   0.0
        D:3 |     173 |       0 |   0.0 |      21 |       0 |   0.0
        D:4 |       9 |       0 |   0.0 |       3 |       0 |   0.0
        D:5 |     196 |       0 |   0.0 |       1 |       0 |   0.0
            +---------+---------+-------+---------+---------+-------
